 Dungeon Crawl Stone Soup version 0.30-a0-304-gdc4b735fe1 (webtiles) character file.

Game seed: 7315545341393459314

953 Hubris850 the Cudgeller (level 8, -2/75 HPs)
             Began as an Ogre Fire Elementalist on Oct 20, 2022.
             Was a Follower of Makhleb.
             Slain by a gnoll sergeant
             ... wielding a +0 spear
              (3 damage)
             ... on level 5 of the Dungeon.
             The game lasted 00:15:44 (4632 turns).

Hubris850 the Cudgeller (Ogre Fire Elementalist)    Turns: 4632, Time: 00:15:44

Health: -2/75      AC:  7    Str: 20    XL:     8   Next: 14%
Magic:  9/12       EV: 10    Int: 16    God:    Makhleb [*.....]
Gold:   242        SH:  0    Dex:  9    Spells: 6/12 levels left

rFire   . . .      SeeInvis .    A - +5 short sword "Ebiummaw" {vorpal, Fragile rElec rC+ Str+5}
rCold   + . .      Faith    .    (no shield)
rNeg    . . .      Spirit   .    a - +0 robe
rPois   +          Reflect  .    (helmet restricted)
rElec   +          Harm     .    (no cloak)
rCorr   .          Rampage  .    (gloves unavailable)
Will    .....                    (boots unavailable)
Stlth   +.........               (no amulet)
HPRegen 0.32/turn                c - ring of poison resistance
MPRegen 0.13/turn                i - +4 ring of protection

@: very slightly contaminated
A: large, unfitting armour, tough skin 1
a: Renounce Religion


You were on level 5 of the Dungeon.
You worshipped Makhleb.
Makhleb was aware of your devotion.
You visited 1 branch of the dungeon, and saw 5 of its levels.

You collected 242 gold pieces.

Inventory:

Hand Weapons
 d - a +0 hand axe
 l - a +0 whip
 q - a +1 sling of draining
 A - the +5 short sword "Ebiummaw" (weapon) {vorpal, Fragile rElec rC+ Str+5}
   (You found it on level 3 of the Dungeon)

   It inflicts extra damage upon your enemies.
   Str:       It affects your strength (+5).
   rC:        It protects you from cold.
   rElec:     It insulates you from electricity.
   Fragile:   It will be destroyed if unequipped.
 E - a +1 giant spiked club of protection
Missiles
 u - 3 boomerangs
 v - 10 poisoned darts
Armour
 a - a +0 robe (worn)
Jewellery
 c - a ring of poison resistance (left hand)
 i - a +4 ring of protection (right hand)
 y - a ring of positive energy
Scrolls
 p - 3 scrolls of teleportation
 x - 2 scrolls of summoning
 z - 2 scrolls of magic mapping
Potions
 b - a potion of magic
 k - 3 potions of attraction
 m - a potion of curing
 o - a potion of mutation {unknown}
 r - a potion of cancellation {unknown}
 w - a potion of degeneration {unknown}
 B - a potion of haste {unknown}
 G - a potion of berserk rage {unknown}
 H - a potion of heal wounds {unknown}


   Skills:
 - Level 3.0 Fighting
 + Level 5.8 Maces & Flails
 - Level 3.6 Dodging
 - Level 1.4 Stealth
 - Level 2.9 Spellcasting
 - Level 1.1 Conjurations
 - Level 3.0 Fire Magic
 - Level 4.0 Invocations


You had 6 spell levels left.
You knew the following spells:

 Your Spells              Type           Power      Damage    Failure   Level
a - Foxfire               Conj/Fire      36%        2x1d5     8%          1
b - Scorch                Fire           24%        2d6       9%          2
c - Kindle Blastsparks    Fire/Tloc/Air  10%        2d10      36%         3

Your spell library contained the following spells:

 Spells                   Type           Power      Damage    Failure   Level
 Magic Dart               Conj           24%        1d4       12%         1
 Shock                    Conj/Air       16%        1d4       16%         1
 Searing Ray              Conj           12%        2d4       17%         2
 Freeze                   Ice            8%         1d3       19%         1
 Sandblast                Erth           4%         2d4       19%         1
 Momentum Strike          Conj/Tloc      8%         3d8       22%         2
 Blink                    Tloc           4%         N/A       28%         2
 Passwall                 Tmut/Erth      1%         N/A       28%         2
 Inner Flame              Hex/Fire       7%         N/A       30%         3
 Ignite Poison            Fire/Tmut/Pois 5%         N/A       36%         3
 Hailstorm                Conj/Ice       4%         3d4       41%         3
 Stone Arrow              Conj/Erth      8%         3d7       41%         3
 Frozen Ramparts          Ice            4%         1d1       50%         3
 Lesser Beckoning         Tloc           4%         N/A       50%         3
 Ozocubu's Armour         Ice            2%         N/A       50%         3
 Swiftness                Air            2%         N/A       50%         3
 Flame Wave               Conj/Fire      9%         2d6       61%         4
 Sticky Flame             Conj/Fire      9%         2d3       61%         4
 Fulminant Prism          Conj/Hex       2%         3d6       83%         4
 Airstrike                Air            1%         2d(1-17)  88%         4
 Ozocubu's Refrigeration  Ice            1%         4d7       100%        7
 Ignition                 Fire           6%         3d4       100%        8


Dungeon Overview and Level Annotations

Branches:
Dungeon (5/15)
 Temple: D:4-7

Altars:
Gozag
Makhleb
Uskayaw

Shops:
D:1 (   D:4 !

Annotations:
D:4 3 runed translucent doors, KennySheep's ghost, amateur OgBr


Innate Abilities, Weirdness & Mutations

You are too large for most types of armour.
You have tough skin. (AC +1)


Message History

* * * LOW HITPOINT WARNING * * *
You barely miss the gnoll sergeant.
The gnoll sergeant is moderately wounded.
The wolf barely misses you. x2; The gnoll sergeant barely misses you.
You feel better. The wolf bites you but does no damage.
The wolf barely misses you. The gnoll sergeant barely misses you.
You catch the helpless gnoll sergeant completely off-guard!
You hit the gnoll sergeant.
The gnoll sergeant is heavily wounded.
You flicker back into view.
The wolf closely misses you. The wolf bites you.
The gnoll sergeant hits you with a +0 spear.
* * * LOW HITPOINT WARNING * * *
Press: ? - help, v - describe, . - travel
Here: a gnoll sergeant, wielding a +0 spear, wearing a +0 ring mail and wearing a +0 buckler of reflection (heavily wounded, reflecting blocked projectiles)
The floor.
Unknown command.
Unknown command.
You aren't carrying any items that you can evoke.
Throw: throwing net
Press: ? - help, Shift-Dir - straight line, f - gnoll sergeant
Aim: a gnoll sergeant, wielding a +0 spear, wearing a +0 ring mail and wearing a +0 buckler of reflection (heavily wounded, reflecting blocked projectiles, 62% to hit)
You throw a throwing net.
The throwing net closely misses the gnoll sergeant.
The wolf closely misses you.
The gnoll sergeant hits you with a +0 spear!
* * * LOW HITPOINT WARNING * * *
The gnoll sergeant blocks your attack.
The gnoll sergeant is heavily wounded.
The wolf bites you but does no damage. The wolf bites you!
* * * LOW HITPOINT WARNING * * *
The gnoll sergeant hits you with a +0 spear!
* * * LOW HITPOINT WARNING * * *
Unknown command.
Unknown command.
The gnoll sergeant blocks your attack.
The gnoll sergeant is heavily wounded.
The wolf misses you. The wolf bites you but does no damage.
The gnoll sergeant hits you with a +0 spear.
You die...

#...#.......#........##
##..##......###.####..#
#..###................#
#.#####.....#####.....#
....#......## ####..)##
.#........## #.⌠#...#
###.......###+#..#...#
#.......##....h'...#
#..)....##(..g@'...#
+.......##.....#.).#
#.....#..#######...#
#.........# #....#
#.......... ......#
...<......# ...#####
.............#. .####


You could see a gnoll sergeant (reflecting) and a wolf.

Vanquished Creatures
  2 ogres
  A phantom (D:5)
  3 scorpions
  A jelly (D:3)
  An orc priest (D:4)
  5 hounds
  2 iguanas (D:4)
  An orc wizard (D:3)
  Robin (D:3)
  6 adders
  6 gnolls
  An ufetubus (D:5)
  3 worms
  5 dart slugs
  4 orcs
  4 endoplasms
  6 giant cockroaches
  17 goblins
  11 hobgoblins
  4 jackals (D:2)
  6 kobolds
  A quokka (D:1)
  8 ball pythons
  7 bats
  6 frilled lizards
  5 rats (D:1)
117 creatures vanquished.

Vanquished Creatures (others)
  247 foxfires
247 creatures vanquished.

Grand Total: 364 creatures vanquished

Notes
Turn   | Place    | Note
-------+----------+-------------------------------------------
     0 | D:1      | Hubris850 the Ogre Fire Elementalist began the quest for
                  | the Orb.
     0 | D:1      | Reached XP level 1. HP: 16/16 MP: 3/3
    42 | D:1      | Reached skill level 1 in Conjurations
   199 | D:1      | Reached XP level 2. HP: 26/26 MP: 0/5
   203 | D:1      | Learned a level 2 spell: Scorch
   255 | D:1      | Reached skill level 1 in Fighting
   735 | D:1      | Reached XP level 3. HP: 35/35 MP: 4/7
   742 | D:1      | Learned a level 3 spell: Kindle Blastsparks
   851 | D:1      | Found Ucoestuj's Weapon Boutique.
  1350 | D:2      | Reached skill level 1 in Maces & Flails
  1350 | D:2      | Reached XP level 4. HP: 44/44 MP: 4/8
  1970 | D:3      | Found a burning altar of Makhleb.
  1976 | D:3      | Reached skill level 2 in Maces & Flails
  2052 | D:3      | Found a faded altar of an unknown god.
  2067 | D:3      | Reached XP level 5. HP: 47/53 MP: 2/9
  2067 | D:3      | Identified the +5 short sword "Ebiummaw" {vorpal, Fragile
                  | rElec rC+ Str+5}
  2095 | D:3      | Noticed Robin
  2106 | D:3      | Killed Robin
  2465 | D:4      | Reached skill level 3 in Maces & Flails
  2476 | D:3      | Reached XP level 6. HP: 30/61 MP: 10/10
  2604 | D:3      | Became a worshipper of Makhleb the Destroyer
  2648 | D:3      | Reached skill level 1 in Invocations
  2782 | D:4      | Reached XP level 7. HP: 44/65 MP: 11/11
  2858 | D:4      | Reached skill level 4 in Maces & Flails
  2897 | D:4      | Found a runed translucent gate.
  2898 | D:4      | Found a runed translucent gate.
  2902 | D:4      | Found a runed translucent gate.
  2903 | D:4      | Found an opulent altar of Gozag.
  2904 | D:4      | Noticed KennySheep's ghost (amateur OgBr)
  3078 | D:4      | Found a hide-covered altar of Uskayaw.
  3260 | D:4      | Found Sexkejit's Distillery.
  3899 | D:5      | Entered Level 5 of the Dungeon
  4153 | D:5      | Reached * piety under Makhleb
  4154 | D:5      | Reached skill level 5 in Maces & Flails
  4163 | D:5      | Reached XP level 8. HP: 74/75 MP: 4/12
  4631 | D:5      | HP: 1/75 [gnoll sergeant/+0 spear (7)]
  4632 | D:5      | Slain by a gnoll sergeant

Illustrated notes

Levels and vault maps discovered:
D:1:      dpeg_arrival_subterranean_lakeside_camping, layout_basic,
          serial_shops, nicolae_shop_competitors_out_of_business
D:2:      layout_rooms, corner_web_ring, reono_crystal_passage,
          kennysheep_generic_room_9
D:3:      layout_rooms, bloody_makhleb, shapermc_ecumenical_altar_pompeii,
          uniq_robin
D:4:      layout_basic, lemuel_crystal_altar, serial_shops, shop,
          ebering_ghost_gozag, sigmund_army
D:5:      layout_cave_pools, serial_gnoll_camp, gnoll_camp_mini_house,
          gnoll_camp_mini_hut, gnoll_camp_mini_hut, gnoll_camp_huts_basic,
          gnoll_camp_medium_02, gnoll_camp_mini_doghouse, chequers_arboretum,
          hangedman_abyss_or_decor_jellyfish_corner, sigmund_edmund_badplayer

Skill      XL: |  1  2  3  4  5  6  7 |
---------------+----------------------+-----
Conjurations   | 1 |  1.1
Fighting       | 1 2 3 |  3.0
Fire Magic     | 3 |  3.0
Maces & Flails | 1 2 3 5 |  5.8
Dodging        | 2 3 |  3.6
Invocations    | 2 4 |  4.0
Stealth        | |  1.4
Spellcasting   | |  2.9

Action                   |  1- 3 |  4- 6 |  7- 9 || total
-------------------------+-------+-------+-------++-------
Melee: Hand axe          |    16 |       |       ||    16
       Whip              |    32 |    90 |       ||   122
       Short sword       |       |   109 |    80 ||   189
       Punch             |       |     1 |       ||     1
Throw: Dart              |       |     2 |     2 ||     4
       Throwing net      |       |       |     1 ||     1
 Cast: Foxfire           |    66 |    25 |    47 ||   138
       Scorch            |       |       |     3 ||     3
       Kindle Blastspark |       |       |     1 ||     1
  Use: Scroll            |       |       |    12 ||    12
       Potion            |       |       |     3 ||     3
 Stab: Sleeping          |       |     2 |     1 ||     3
       Invisible         |       |       |     4 ||     4
Armor: Robe              |    35 |    97 |    51 ||   183
Dodge: Dodged            |    19 |   102 |    80 ||   201

Table legend: (Time is in decaauts)
 A = Elapsed time spent in this place.
 B = Non-inter-level travel time spent in this place.
 C = Inter-level travel time spent in this place.
 D = Time resting spent in this place.
 E = Time spent auto-exploring this place.
 F = Levels seen in this place.
 G = Mean time per level.
                   A        B        C        D        E       F      G
               +--------+--------+--------+--------+--------+-----+--------+
         Total |   4646 |   4552 |     94 |    832 |   2687 |   5 |  929.2 |
       Dungeon |   4646 |   4552 |     94 |    832 |   2687 |   5 |  929.2 |
               +--------+--------+--------+--------+--------+-----+--------+

Top non-repeatable levels by time:
     D:4: 1190 daAuts
     D:1: 1142 daAuts
     D:2: 836 daAuts
     D:3: 744 daAuts
     D:5: 732 daAuts
